 Dungeon Crawl Stone Soup version 0.29.1-12-g30fa7ad0bf (webtiles) character file.

Game seed: 9775162996154488512

15237 H0rd4k the Martial Artist (level 12, 0/85 HPs)
             Began as an Octopode Artificer on Dec 12, 2022.
             Was an Initiate of Gozag.
             Slain by a torpor snail (21 damage)
             ... on level 1 of the Lair of Beasts.
             The game lasted 00:27:27 (14387 turns).

H0rd4k the Martial Artist (Octopode Artificer)     Turns: 14387, Time: 00:27:27

Health: 0/85       AC:  1    Str: 17    XL:     12   Next: 24%
Magic:  23/23      EV: 13    Int: 22    God:    Gozag
Gold:   1997       SH:  0    Dex: 11    Spells: 17/26 levels left

rFire   . . .      SeeInvis .   i - +9 dagger of Sitamar {freeze, Str+6}
rCold   + . .      Faith    .   (no shield)
rNeg    . . .      Spirit   .   (helmet restricted)
rPois   .          Reflect  .   r - amulet of regeneration
rElec   .          Harm     .   l - ring of wizardry
rCorr   .          Rampage  .   o - ring of protection from cold
Will    .....                   A - ring of flight
Stlth   +++.......              (no ring)
HPRegen 1.04/turn               (no ring)
MPRegen 0.18/turn               (no ring)
                                (no ring)
                                (no ring)

@: flying, slowed, very slow
A: almost no armour, amphibious, 8 rings, camouflage 1, gelatinous body 1,
(nimble swimmer 1), tentacles, clever 1, MP-powered wands
a: Renounce Religion, Potion Petition, Call Merchant, Bribe Branch


You were on level 1 of the Lair of Beasts.
You worshipped Gozag.
Gozag was most pleased with you.
You visited 3 branches of the dungeon, and saw 13 of its levels.
You also visited: Bailey.

You collected 2131 gold pieces.
You paid 134 gold pieces to Gozag.

Inventory:

Hand Weapons
 i - the +9 dagger of Sitamar (weapon) {freeze, Str+6}
   (You took it off a centaur on level 6 of the Dungeon)

   It freezes those it strikes, dealing additional cold damage.
   It can also slow down cold-blooded creatures.
   Str:       It affects your strength (+6).
Missiles
 t - 28 poisoned darts
 v - 2 throwing nets
Magical Staves
 w - a staff of poison
Jewellery
 l - a ring of wizardry (left tentacle)
 m - an amulet of guardian spirit
 o - a ring of protection from cold (right tentacle)
 r - an amulet of regeneration (around mantle)
 A - a ring of flight (on tentacle)
Wands
 b - a wand of flame (74) (quivered)
 q - a wand of digging (9)
Scrolls
 a - 2 scrolls of fog
 d - 3 scrolls of amnesia
 e - 3 scrolls of blinking
 g - 2 scrolls of magic mapping
 h - 2 scrolls of vulnerability
 j - 3 scrolls of enchant armour
 k - 2 scrolls of teleportation
 n - a scroll of enchant weapon
 y - 4 scrolls of identify
Potions
 c - 2 potions of brilliance
 f - a potion of lignification
 p - a potion of ambrosia
 s - 2 potions of mutation
 u - 10 potions of curing
 z - 3 potions of invisibility
Miscellaneous
 x - a piece from Xom's chessboard (13/15)


   Skills:
 - Level 9.2 Fighting
 - Level 2.3 Dodging
 - Level 1.3 Stealth
 - Level 14.5 Unarmed Combat
 * Level 7.9 Spellcasting
 + Level 1.1 Air Magic
 * Level 3.2 Poison Magic
 - Level 3.2 Evocations


You had 17 spell levels left.
You knew the following spells:

 Your Spells              Type           Power      Damage    Failure   Level
a - Poisonous Vapours     Pois/Air       36%        N/A       1%          2
b - Olgreb's Toxic Radia  Pois           23%        N/A       9%          4
c - Ignite Poison         Fire/Tmut/Pois 13%        N/A       6%          3

Your spell library contained the following spells:

 Spells                   Type           Power      Damage    Failure   Level
 Sting                    Tmut/Pois      60%        1d6       1%          1
 Ensorcelled Hibernation  Hex/Ice        16%        N/A       4%          2
 Spider Form              Tmut/Pois      15%        N/A       4%          3
 Conjure Flame            Conj/Fire      8%         6-21      9%          3
 Anguish                  Hex/Necr       4%         N/A       28%         4
 Sticky Flame             Conj/Fire      8%         2d3       28%         4
 Iskenderun's Battlesphe  Conj           8%         2d6       61%         5
 Dispersal                Tloc           4%         N/A       98%         6
 Iron Shot                Conj/Erth      4%         9d2       98%         6
 Spellforged Servitor     Conj/Summ      4%         N/A       100%        7
 Disjunction              Tloc           4%         N/A       100%        8


Dungeon Overview and Level Annotations

Branches:
Dungeon (11/15)            Temple (1/1) D:6            Lair (1/5) D:8
 Bailey (visited)
    Orc: D:9-12

Altars:
Ashenzari
Cheibriados
Dithmenos
Elyvilon
Fedhas
Gozag
Hepliaklqana
Kikubaaqudgha
Makhleb
Nemelex Xobeh
Okawaru
Qazlal
Ru
Sif Muna
Trog
Uskayaw
Vehumet
Wu Jian
Xom
Yredelemnul
Zin
The Shining One

Shops:
D:2 =

Annotations:
D:2 Sigmund
D:9 exclusion: 2 downstairs
D:10 3 runed translucent doors, exclusions: 3 doors and downstairs, IcyTea's ghost, journeyman DsIE
D:11 Erolcha


Innate Abilities, Weirdness & Mutations

You cannot wear most types of armour.
You are amphibious.
You can wear up to eight rings at the same time.
Your skin changes colour to match your surroundings (Stealth+).
Your rubbery body absorbs attacks. (AC +1, EV +1)
((You are camouflaged when in or above water. (Stealth+)))
You have tentacles for arms and can constrict up to eight enemies at once.
Your mind is acute. (Int +4, Str/Dex -1)
You expend magic power (3 MP) to strengthen your wands.


Message History

You squeeze the torpor snail.
The torpor snail is lightly wounded.
The torpor snail bites you.
You hit the torpor snail. You freeze the torpor snail.
The torpor snail is lightly wounded.
The torpor snail bites you!
You hit the torpor snail but do no damage.
You tentacle-slap the torpor snail! You squeeze the torpor snail.
The torpor snail is moderately wounded.
The torpor snail bites you.
You hit the torpor snail. You freeze the torpor snail.
You squeeze the torpor snail, but do no damage.
The torpor snail is moderately wounded.
The torpor snail bites you.
You hit the torpor snail. You freeze the torpor snail.
You squeeze the torpor snail, but do no damage.
The torpor snail is moderately wounded.
The torpor snail bites you!!
You hit the torpor snail but do no damage.
You squeeze the torpor snail.
The torpor snail is heavily wounded.
The torpor snail bites you!
You hit the torpor snail but do no damage.
You squeeze the torpor snail.
The torpor snail is heavily wounded.
The torpor snail bites you!!
* * * LOW HITPOINT WARNING * * *
You puncture the torpor snail! You freeze the torpor snail.
The torpor snail is severely wounded.
The torpor snail bites you.
* * * LOW HITPOINT WARNING * * *
You hit the torpor snail. You freeze the torpor snail.
The torpor snail is severely wounded.
The torpor snail closely misses you.
You hit the torpor snail but do no damage.
You squeeze the torpor snail!
The torpor snail is almost dead.
The torpor snail bites you!!
You die...
Your body crumbles into a pile of gold.

#####.#.# #.......#
....w## #.......#
....... #.......#
.....# #.......#
.....#
#.......########.....#
#........#.....+.....#
#..........###@#.....#
#.......#.P# ##w.....#
#.......#### #P.....P#
####'#### ###P+####
#..## ..# ###..# ##
#...## ##..##
#...###P##


You could see a torpor snail.

Vanquished Creatures
  Josephine (D:10)
  An ugly thing (D:11)
  Maurice (D:10)
  2 cane toads (Lair:1)
  2 gargoyles
  2 trolls
  Prince Ribbit (D:5)
  A wyvern (D:8)
  2 vampires
  2 shadows
  9 wraiths
  18 yaks
  3 basilisks
  2 steam dragons
  3 vampire mosquitoes
  2 acid dragons (D:11)
  2 water moccasins (D:7)
  5 ice beasts
  7 orc warriors
  A sky beast (D:7)
  A black bear (D:8)
  4 centaurs
  2 ogres
  3 phantoms
  4 kobold brigands
  3 bullfrogs
  4 necrophages
  A scorpion (D:7)
  Dowan (D:5)
  4 wights (D:8)
  15 killer bees
  7 wolf zombies (Bailey)
  2 electric eels (D:9)
  5 howler monkeys
  8 vampire bats (Bailey)
  A jelly (D:7)
  6 hounds
  A gnoll bouda (D:5)
  4 orc priests
  11 orc wizards
  6 iguanas
  5 adders
  4 gnolls
  A shadow imp (D:8)
  2 white imps (D:8)
  2 ufetubi
  4 worms
  6 dart slugs
  43 orcs
  5 ball pythons
  3 bats
  4 endoplasms
  2 giant cockroaches
  11 goblins
  10 hobgoblins
  4 quokkas
  7 frilled lizards
  22 kobolds
  22 orc zombies (Bailey)
  6 rats
323 creatures vanquished.

Vanquished Creatures (collateral kills)
  Duvessa (D:5)
  A necrophage (D:5)
  A killer bee (D:9)
  2 orc priests
  2 orc wizards (D:6)
  10 orcs
17 creatures vanquished.

Vanquished Creatures (others)
  A hornet (D:10)
  An ogre (D:5)
  3 killer bees
  2 orc wizards
  A fungus (D:8)
  7 plants
15 creatures vanquished.

Grand Total: 355 creatures vanquished

Notes
Turn   | Place    | Note
-------+----------+-------------------------------------------
     0 | D:1      | H0rd4k the Octopode Artificer began the quest for the Orb.
     0 | D:1      | Reached XP level 1. HP: 13/13 MP: 1/1
   294 | D:1      | Reached XP level 2. HP: 7/18 MP: 2/2
   557 | D:1      | Found a faded altar of an unknown god.
   583 | D:1      | Reached skill level 1 in Spellcasting
  1173 | D:2      | Reached XP level 3. HP: 24/24 MP: 4/4
  1312 | D:2      | Found Bamuwkaz's Jewellery Emporium.
  1632 | D:2      | Noticed Sigmund
  1646 | D:2      | Reached skill level 1 in Unarmed Combat
  2529 | D:3      | Reached XP level 4. HP: 30/30 MP: 6/6
  2682 | D:3      | Found a sacrificial altar of Ru.
  3041 | D:3      | Reached skill level 2 in Unarmed Combat
  3048 | D:3      | Found a broken altar of Ashenzari.
  3464 | D:3      | Reached XP level 5. HP: 16/35 MP: 5/8
  3889 | D:4      | Reached skill level 3 in Unarmed Combat
  3947 | D:4      | Reached XP level 6. HP: 29/42 MP: 9/9
  4003 | D:4      | Reached skill level 4 in Unarmed Combat
  4236 | D:4      | Reached XP level 7. HP: 42/46 MP: 11/11
  4366 | D:4      | Reached skill level 5 in Unarmed Combat
  4573 | D:5      | Entered Level 5 of the Dungeon
  4587 | D:5      | Noticed Prince Ribbit
  4594 | D:5      | Killed Prince Ribbit
  4603 | D:5      | Reached skill level 6 in Unarmed Combat
  4697 | D:5      | Found an ornate altar of the Wu Jian Council.
  4713 | D:5      | Found a white marble altar of Elyvilon.
  4764 | D:5      | Reached XP level 8. HP: 32/54 MP: 13/13
  4822 | D:5      | Found a shimmering altar of Xom.
  4898 | D:5      | Noticed Dowan
  4898 | D:5      | Noticed Duvessa
  4918 | D:5      | Killed Duvessa
  4919 | D:5      | Reached skill level 7 in Unarmed Combat
  4932 | D:5      | Killed Dowan
  5224 | D:5      | Reached skill level 5 in Fighting
  5491 | D:5      | Reached skill level 8 in Unarmed Combat
  5542 | D:5      | Reached XP level 9. HP: 52/61 MP: 15/15
  5685 | D:6      | Found a radiant altar of Vehumet.
  5761 | D:6      | Found a staircase to the Ecumenical Temple.
  5769 | Temple   | Entered the Ecumenical Temple
  6194 | D:6      | Reached skill level 9 in Unarmed Combat
  6246 | D:6      | Found the +1 Delatra's gloves {ID++}
  6290 | D:6      | Gained mutation: Your mind is acute. (Int +4, Str/Dex -1)
                  | [potion of mutation]
  6290 | D:6      | Gained mutation: You expend magic power (3 MP) to
                  | strengthen your wands. [potion of mutation]
  6909 | D:6      | Identified the +9 dagger of Sitamar {freeze, Str+6}
  7061 | D:7      | Found a blossoming altar of Fedhas.
  7061 | D:7      | Found a stormy altar of Qazlal.
  7061 | D:7      | Found an opulent altar of Gozag.
  7061 | D:7      | Found a glowing silver altar of Zin.
  7119 | D:7      | Reached skill level 5 in Spellcasting
  7186 | D:7      | Became a worshipper of Gozag Ym Sagoz the Greedy
  7203 | D:7      | Reached skill level 10 in Unarmed Combat
  7571 | D:7      | Reached XP level 10. HP: 35/69 MP: 16/18
  7916 | D:8      | You fall into a shaft and drop 2 floors!
  7916 | D:10     | Entered Level 10 of the Dungeon
  7949 | D:10     | Noticed Maurice
  8049 | D:10     | Reached skill level 11 in Unarmed Combat
  8131 | D:10     | Found a glowing golden altar of the Shining One.
  8525 | D:9      | Found a flagged portal.
  8565 | Bailey   | Entered a bailey
  8768 | Bailey   | Noticed a gargoyle
  8779 | Bailey   | Killed a gargoyle
  8839 | Bailey   | Identified the +1 leather armour of Demons {rF- Will+++
                  | rCorr Stlth-}
  8846 | Bailey   | Identified the +1 robe of Integrity {Dex+4}
  9229 | D:9      | Found a snail-covered altar of Cheibriados.
  9519 | D:8      | Reached skill level 12 in Unarmed Combat
 10254 | D:8      | Reached XP level 11. HP: 42/77 MP: 20/20
 10418 | D:8      | Found an ancient bone altar of Kikubaaqudgha.
 10519 | D:8      | Found a staircase to the Lair.
 10854 | D:8      | Reached skill level 13 in Unarmed Combat
 10939 | D:8      | Found a shimmering blue altar of Sif Muna.
 11469 | D:10     | Found a hide-covered altar of Uskayaw.
 11602 | D:10     | Killed Maurice
 11690 | D:10     | Found a runed translucent gate.
 11690 | D:10     | Found a runed translucent gate.
 11690 | D:10     | Found a runed translucent gate.
 11991 | D:10     | Noticed Josephine
 12125 | D:10     | Noticed IcyTea's ghost (journeyman DsIE)
 12198 | D:10     | Found a basalt altar of Yredelemnul.
 12444 | D:10     | Killed Josephine
 12445 | D:10     | Reached skill level 14 in Unarmed Combat
 12924 | D:11     | HP: 4/80 [orc warrior/+0 mace (12)]
 13036 | D:10     | Learned a level 2 spell: Poisonous Vapours
 13041 | D:10     | Learned a level 4 spell: Olgreb's Toxic Radiance
 13045 | D:10     | Learned a level 3 spell: Ignite Poison
 13177 | D:11     | Reached skill level 1 in Poison Magic
 13177 | D:11     | Reached XP level 12. HP: 80/85 MP: 17/22
 13319 | D:11     | Noticed Erolcha
 13985 | D:11     | Noticed a two-headed ogre
 14198 | Lair:1   | Entered Level 1 of the Lair of Beasts
 14282 | Lair:1   | Reached skill level 1 in Air Magic
 14387 | Lair:1   | Slain by a torpor snail

Illustrated notes

Levels and vault maps discovered:
D:1:      nicolae_arrival_memento_mori, layout_basic, basic_ecumenical_altar,
          minmay_misc_feat_chi, minmay_tetromino_s2
D:2:      cheibrodos_old_hovel, layout_basic, serial_shops, shop,
          chequers_serial_rivers_small_b, uniq_sigmund
D:3:      layout_loops_ring, nicolae_ashenzari_panopticon, old_standard_altar,
          grunt_ministairs_14
D:4:      layout_loops_cross
D:5:      minmay_octagon_keep, layout_loops_cross,
          mainiacjoe_overflow_tiny_flanked, elyvilon_altar_4,
          pdpol_wu_jian_five_deadly_venoms, hangedman_decor_push,
          chequers_garden, uniq_duvessa, uniq_prince_ribbit1
D:6:      layout_basic, fiery_altar_vehumet, minmay_temple_entry_overgrown,
          pf_guarded_unrand_delatra
D:7:      layout_basic, chequers_temple_overflow_statue_of_worship
D:8:      layout_loops_ring, kennysheep_little_box,
          mainiacjoe_overflow_cross_hatched, david_lair_generic
D:9:      layout_irregular_city, kennysheep_slug_shrine, enter_bailey_5,
          chequers_big_river
D:10:     layout_roguey, mainiacjoe_overflow_surrounded_room,
          nicolae_uskayaw_suspiria, marbit_many_paths,
          gammafunk_ghost_necromancy, uniq_josephine, uniq_maurice
D:11:     layout_roguey, uniq_erolcha
Temple:   nicolae_temple_ecumenical_triangle
Lair:1:   layout_roguey, chequers_serial_rivers_small_b,
          hangedman_lair_generics_rect, lemuel_fruit_tree

Skill      XL: |  1  2  3  4  5  6  7  8  9 10 11 12 |
---------------+-------------------------------------+-----
Spellcasting   | 1 2 3 4 5 6 7 |  7.9
Fighting       | 2 3 4 5 6 8 9 |  9.2
Unarmed Combat | 1 2 3 4 6 8 10 12 14 | 14.5
Poison Magic   | 1 3 |  3.2
Air Magic      | 1 |  1.1
Dodging        | |  2.3
Stealth        | |  1.3
Evocations     | |  3.2

Action                   |  1- 3 |  4- 6 |  7- 9 | 10-12 || total
-------------------------+-------+-------+-------+-------++-------
Melee: Unarmed           |   104 |   119 |   273 |   585 ||  1081
       Constrict         |    29 |    30 |    48 |    81 ||   188
       Tentacles         |    29 |    30 |    66 |   160 ||   285
       Punch             |     2 |       |    20 |    74 ||    96
       Dagger            |       |       |       |    30 ||    30
       Staff             |       |       |       |     1 ||     1
 Cast: Olgreb's Toxic Ra |       |       |       |     2 ||     2
       Poisonous Vapours |       |       |       |     9 ||     9
Evoke: Wand              |       |     2 |    31 |    17 ||    50
       Piece from Xom's  |       |       |       |     6 ||     6
  Use: Scroll            |       |       |     8 |     8 ||    16
       Potion            |       |       |     6 |     6 ||    12
 Stab: Sleeping          |    12 |     7 |    11 |    11 ||    41
       Paralysed         |       |       |     2 |    17 ||    19
       Distracted        |       |       |     1 |     3 ||     4
Armor: Skin              |     7 |     4 |     7 |    38 ||    56
Dodge: Dodged            |    50 |    58 |   128 |   300 ||   536
